[Event "*** Titled Tuesday Blitz"]
[Site "Chess.com"]
[Date "2021.02.09"]
[Round "1"]
[White "PotapovaM"]
[Black "Alindsay211"]
[Result "0-1"]
[WhiteElo "2646"]
[BlackElo "2369"]
[TimeControl "180+1"]
[EndTime "10:07:40 PST"]
[Termination "Alindsay211 won by checkmate"]

1. d4 Nf6 2. c4 e6 3. Nc3 d5 4.
Nf3 Be7 5. g3 O-O 6. Bg2 b6 7.
cxd5 exd5 8. O-O Bb7 9. Ne5 Na6 10. Bf4 c5 11. Rc1 Rc8 12. Nb5 Ra8 13. a3 Qe8 14.
Nc3 cxd4 15. Qxd4 Nc5 16. Qd1 Rd8 17. Qc2 Bd6 18. Nf3 Bxf4 19. gxf4 d4 20. b4 Ne6 21. f5 Nf4 22. Nb1 Nxe2+ 23. Kh1 Nxc1 24. Qxc1 d3 25. Nbd2 Ne4 26. Re1 Rc8 27. Qa1 Rc2 28.
Qd4 Rxd2 29. Nxd2 Ng3+ 30. hxg3 Qxe1+ 31. Kh2 Bxg2 32. Kxg2 Qxd2 33. f6 g6 34. Qh4 h5 35.
g4 Qf4 36. f3 d2 37. Qh1 Qe3 38. gxh5 Qe2+ 39. Kg3 d1=Q 40. Qh3 Qxf3+ 41. Kh2 Qxh3+ 42. Kxh3 Qxh5+ 43. Kg3 Qg5+ 44. Kf3 Qxf6+ 45. Kg2 Qb2+ 46. Kg3 Qxa3+ 47. Kg4 Qxb4+ 48. Kg5 Qe7+ 49. Kh6 Qh4# 0-1

[Event "*** Titled Tuesday Blitz"]
[Site "Chess.com"]
[Date "2021.02.09"]
[Round "1"]
[White "juancruzarias"]
[Black "NikolasTheiss"]
[Result "1-0"]
[WhiteElo "2626"]
[BlackElo "2322"]
[TimeControl "180+1"]
[EndTime "10:07:40 PST"]
[Termination "juancruzarias won on time"]

1. d4 g5 2. Bxg5 Bg7 3. c3 c5 4. e3 cxd4 5. exd4 Nf6 6. Nd2 O-O 7. Ngf3 d6 8. Bd3 Bg4 9. Qc2 h6 10. Bxf6 Bxf6 11. Bf5 Bxf5 12. Qxf5 Nc6 13. Ne4 Bg7 14. Neg5 hxg5 15. Nxg5 Re8 16. Qxf7+ Kh8 17. Qh5+ Kg8 18. Qh7+ Kf8 19. Ne6+ Kf7 20. Nxd8+ Nxd8 21. O-O e6 22.
Rae1 Nc6 23. Re3 Ne7 24. Rf3+ Nf5 25. Rxf5+ exf5 26. Qxf5+ Kg8 27. Qd5+ Kh8 28. Qxb7 Rab8 29. Qd7 Red8 30. Qh3+ Kg8 31. b4 d5 32. Re1 Rb6 33. Qg3 Rd7 34. h3 Rc6 35. Re3 Kf7 36. Rf3+ Ke8 37.
Qg4 Kd8 38. a4 Kc7 39. a5 a6 40. h4 Bh6 41. g3 Bd2 42. h5 Bxc3 43. h6 Bxb4 44.
Qf4+ Bd6 45. Qf5 Bxg3 46. Rxg3 Rxh6 47. Qf4+ Rhd6 48. Rg6 Kc6 49. Rxd6+ Rxd6 50. Qc1+ Kd7 51. Qc5 Ke6 52. f4 Rd7 53. Kf2 1-0

[Event "*** Titled Tuesday Blitz"]
[Site "Chess.com"]
[Date "2021.02.09"]
[Round "1"]
[White "BrandonJacobson"]
[Black "chescomhuynya"]
[Result "1-0"]
[WhiteElo "3014"]
[BlackElo "2465"]
[TimeControl "180+1"]
[EndTime "10:07:41 PST"]
[Termination "BrandonJacobson won by resignation"]

1. d4 Nf6 2. c4 g6 3. Nc3 d5 4. cxd5 Nxd5 5. e4 Nxc3 6. bxc3 Bg7 7. Nf3 c5 8. Rb1 O-O 9. Be2 Nc6 10. d5 Ne5 11. Nxe5 Bxe5 12. Qd2 Bc7 13. O-O Ba5 14.
Qe3 e6 15. c4 exd5 16. exd5 b6 17. Bb2 Bf5 18. Bd3 Qd7 19. Qe5 f6 20. Bxf5 Qxf5 21.
Qxf5 gxf5 22. d6 Rad8 23. Rbd1 Kf7 24. Rd5 Rfe8 25. a4 Re1 26. Rxe1 Bxe1 27. Kf1 Bb4 28. Ke2 Ke6 29. Kd3 Rxd6 30. Rxd6+ Kxd6 31. Bxf6 a6 32. Ke3 Ke6 33. Bd8 Ba5 34. h3 h5 35. Kf4 Bd2+ 36.
Kf3 Ba5 37. g4 fxg4+ 38. hxg4 hxg4+ 39. Kxg4 Ke5 40. f4+ Kd4 41. f5 Kxc4 42. f6 Bc3 43. f7 Bg7 44. Bxb6 Kb3 45. Bxc5 Kxa4 46. Kf5 Kb5 47.
Ba3 Ka4 48. Bd6 Kb5 49. Kg6 1-0

[Event "*** Titled Tuesday Blitz"]
[Site "Chess.com"]
[Date "2021.02.09"]
[Round "1"]
[White "Xeniya2005"]
[Black "nochewycandy"]
[Result "0-1"]
[WhiteElo "2352"]
[BlackElo "2668"]
[TimeControl "180+1"]
[EndTime "10:07:41 PST"]
[Termination "nochewycandy won by resignation"]

1. e4 e5 2. Nf3 Nc6 3. Nc3 Nf6 4. Bb5 Bb4 5. O-O O-O 6. d3 Bxc3 7. bxc3 d6 8. Bg5 Qe7 9. Re1 a6 10. Ba4 Nd8 11. d4 Ne6 12. Bd2 b5 13. Bb3 Bb7 14. Bxe6 Qxe6 15. d5 Qd7 16. a4 c6 17. Bg5 Ne8 18.
Qd3 f6 19. Be3 c5 20. c4 b4 21. Bd2 a5 22. Nh4 g6 23. Qg3 Ng7 24. Bh6 Ba6 25.
Qd3 Rf7 26. g3 Qg4 27. Kg2 Qh5 28. Bxg7 Kxg7 29. h3 Raf8 30. Rf1 f5 31. exf5 gxf5 32.
f4 e4 33. Qb3 Kg8 34. Rae1 Rg7 35. Kh2 Qf7 36. Ng2 Qf6 37. Ne3 h5 38. Rg1 Rff7 39.
Qb1 Rg6 40. Qd1 Rh7 41. Ref1 Kf8 42. Qe2 Ke8 43. Rd1 Kd8 44. Ng2 Rg8 45. Ne3 Bc8 46. Qd2 Bd7 47. Ra1 Rhg7 48. Rg2 h4 49. Rag1 hxg3+ 50. Rxg3 Rxg3 51. Rxg3 Rxg3 52. Kxg3 Qg7+ 53. Kh2 Qh6 54. Qf2 Qg7 55. Qg3 Qc3 56. h4 Qd2+ 57. Kh3 Qe2 58. h5 Qxh5+ 59. Qh4+ Qxh4+ 60. Kxh4 Bxa4 61. Kg5 Bd7 62. Nf1 Ba4 63. Ne3 Bd7 64. Nf1 a4 65. Nd2 Ke7 66. Kh4 Kf6 67. Kg3 Be8 68. Kf2 Bh5 69. Ke1 Bf3 70. Kf2 Kg6 71. Kg3 Kh5 72.
Kf2 Kg4 73. Ke3 Bd1 0-1

[Event "*** Titled Tuesday Blitz"]
[Site "Chess.com"]
[Date "2021.02.09"]
[Round "1"]
[White "NicoChasin"]
[Black "Etud-otradnoe"]
[Result "1-0"]
[WhiteElo "2614"]
[BlackElo "2310"]
[TimeControl "180+1"]
[EndTime "10:07:42 PST"]
[Termination "NicoChasin won on time"]

1. e4 e6 2. d3 d5 3. Nd2 Nc6 4. Ngf3 g6 5. g3 Bg7 6. Bg2 Nge7 7. O-O e5 8. Re1 O-O 9. exd5 Nxd5 10. Nc4 Re8 11. Bg5 Qd7 12. c3 Nb6 13. Nxb6 axb6 14. Qc2 Qf5 15. Be3 h6 16. b4 Be6 17. b5 Na5 18.
Qd2 Kh7 19. d4 Rad8 20. Qc1 Bd5 21. Nh4 Qd7 22. dxe5 Bxg2 23. Nxg2 Rxe5 24. Qc2 Rxb5 25. Rad1 Rd5 26. Rxd5 Qxd5 27. Bf4 Rd7 28. Ne3 Qf3 29. h4 h5 30. a4 Bf6 31. Bg5 Bxg5 32. hxg5 Nc6 33.
Ng2 Qd3 34. Qb2 Qc4 35. Nf4 Na5 36. Qc2 Qc5 37. Nxh5 Qxg5 38. Nf4 Nc6 39. Qe4 Rd6 40.
Qh1+ 1-0

[Event "*** Titled Tuesday Blitz"]
[Site "Chess.com"]
[Date "2021.02.09"]
[Round "1"]
[White "AlexSuv"]
[Black "Josjimal"]
[Result "1-0"]
[WhiteElo "2472"]
[BlackElo "1873"]
[TimeControl "180+1"]
[EndTime "10:07:43 PST"]
[Termination "AlexSuv won on time"]

1. d4 d5 2. c4 e6 3. Nc3 Nf6 4. cxd5 exd5 5. Bg5 Be7 6. e3 h6 7. Bh4 b6 8. Bd3 O-O 9. Nf3 c5 10. O-O Bb7 11. Rc1 Nbd7 12. dxc5 bxc5 13. Ne2 Ne4 14.
Bxe7 Qxe7 15. Nf4 Ne5 16. Nxe5 Qxe5 17. Qc2 Rac8 18. Bxe4 Qxe4 19. Rfd1 g5 20. Nh5 Qxc2 21. Rxc2 f5 22. h4 Kf7 23. hxg5 hxg5 24. Ng3 Ke6 25.
Rdc1 c4 26. Ne2 f4 27. Nd4+ Ke5 28. Nf3+ Kf5 29. Rd2 fxe3 30. fxe3 g4 31. Nd4+ Ke4 32. Re1 c3 33. Rc2 cxb2 34. Rxb2 Ba6 35. Rb3 Bc4 36.
Ra3 a6 37. Ne6 Rf6 38. Nd4 Rb6 39. Kh2 Rb2 40. Kg3 Rxa2 41. Rc3 Rg8 42. Rb1 Rg6 43. Rb7 1-0

[Event "*** Titled Tuesday Blitz"]
[Site "Chess.com"]
[Date "2021.02.09"]
[Round "1"]
[White "MartinMatthiesen"]
[Black "EugeneRougon"]
[Result "0-1"]
[WhiteElo "2378"]
[BlackElo "2715"]
[TimeControl "180+1"]
[EndTime "10:07:44 PST"]
[Termination "EugeneRougon won on time"]

1. d4 d6 2. Nf3 g6 3. c4 Bg7 4. Nc3 Bg4 5. e3 Nf6 6. Be2 O-O 7. O-O Na6 8. e4 c6 9. Be3 e5 10. d5 c5 11. Nd2 Bd7 12. a3 Ne8 13. Rb1 f5 14. f3 Nf6 15. b4 b6 16. bxc5 Nxc5 17. Nb3 fxe4 18. Nxc5 bxc5 19. Nxe4 Nxe4 20. fxe4 Qa5 21.
Qd3 Rab8 22. Bd2 Qa4 23. Rxf8+ Rxf8 24. Rb7 Bc8 25. Rb1 Ba6 26. h3 Bf6 27. Be3 Bh4 28. Kh2 Bf2 29. Bd2 Bd4 30. Rf1 Rxf1 31. Bxf1 Qd1 32.
Bh6 Qh5 33. Bd2 Bc8 34. Be2 Qh4 35. Bf3 Qf2 36. Qe2 Qg1+ 37. Kg3 Bd7 38. Be1 Qe3 39. Qxe3 Bxe3 40. Be2 Bc1 41. Ba5 Kf7 42. Bc7 Ke7 43.
Bb8 a6 44. Bg4 Bxa3 45. Bc7 Bxg4 0-1

[Event "*** Titled Tuesday Blitz"]
[Site "Chess.com"]
[Date "2021.02.09"]
[Round "1"]
[White "bennyficial"]
[Black "LucaBrasi1968"]
[Result "0-1"]
[WhiteElo "2199"]
[BlackElo "2523"]
[TimeControl "180+1"]
[EndTime "10:07:44 PST"]
[Termination "LucaBrasi1968 won by resignation"]

1. e4 c6 2. d4 d5 3. exd5 cxd5 4. Bd3 Nf6 5. h3 Nc6 6. c3 g6 7. Bf4 Bf5 8. Be2 Bg7 9. Nf3 O-O 10. O-O Rc8 11. Nbd2 a6 12. Ne5 Nd7 13. Nxc6 Rxc6 14. Nf3 Rc8 15. Re1 Qb6 16. Qd2 Nf6 17. Be5 Ne4 18. Qc1 f6 19. Bf4 g5 20. Be3 Nd6 21.
Nd2 Qc6 22. Bg4 Qd7 23. Bxf5 Qxf5 24. Nf1 Nc4 25. Re2 Rfe8 26. Bd2 h6 27. Ne3 Qd7 28. Nxc4 Rxc4 29. Qe1 b5 30. Re6 Kf7 31. Re3 e5 32.
dxe5 fxe5 33. Rf3+ Kg8 34. a3 Rcc8 35. Rg3 e4 36. h4 Be5 37. Re3 Qf5 38. hxg5 hxg5 39. Rh3 Kg7 40. Qe2 Rh8 41. Be3 Rxh3 42. gxh3 Qxh3 43. Qf1 Qf5 44. Qg2 Bf6 45. Rd1 Rh8 46. Bd4 Rh4 47. Bxf6+ Kxf6 48. Kf1 Rg4 49. Qh2 Rh4 50.
Qg2 Ke6 51. b3 Qh3 52. c4 Qh1+ 53. Qg1 Qxg1+ 54. Kxg1 dxc4 55. bxc4 bxc4 56. Rd4 e3 57. fxe3 Rxd4 58. exd4 Kd5 59. Kf2 Kxd4 60. Ke2 g4 61. Kd1 g3 0-1

[Event "*** Titled Tuesday Blitz"]
[Site "Chess.com"]
[Date "2021.02.09"]
[Round "1"]
[White "The_Machine04"]
[Black "C_K_G"]
[Result "1-0"]
[WhiteElo "2487"]
[BlackElo "2091"]
[TimeControl "180+1"]
[EndTime "10:07:44 PST"]
[Termination "The_Machine04 won by checkmate"]

1. d4 d5 2. Bf4 e6 3. e3 Nf6 4. Bd3 Bd6 5. Bg3 c5 6. c3 Nc6 7. Nf3 c4 8. Bc2 Qc7 9. Nbd2 O-O 10. Qe2 b5 11. e4 Bxg3 12. hxg3 h6 13. e5 Nd7 14. g4 b4 15. g5 bxc3 16. bxc3 Qa5 17. Qe3 Rb8 18. gxh6 g6 19. Nh4 Kh7 20. Qg5 Rg8 21.
Rh3 Rb2 22. Qf4 Nd8 23. Rc1 Qxa2 24. Kd1 Bb7 25. Ndf3 Rxc2 26. Rxc2 Qb1+ 27. Kd2 Qf1 28. Ng5+ Kh8 29. Nxf7+ Nxf7 30. Qxf7 Nf8 31. Rf3 g5 32. Qf6+ Kh7 33. Qe7+ Kxh6 34. Rf6+ Kh5 35. Rxf8 Rxf8 36. Qxf8 Kxh4 37. Qh8+ Kg4 38. Qh3+ Kf4 39. Qf3# 1-0

[Event "*** Titled Tuesday Blitz"]
[Site "Chess.com"]
[Date "2021.02.09"]
[Round "1"]
[White "Kobalia"]
[Black "CM_rui"]
[Result "1-0"]
[WhiteElo "2688"]
[BlackElo "2364"]
[TimeControl "180+1"]
[EndTime "10:07:46 PST"]
[Termination "Kobalia won by checkmate"]

1. e4 e5 2. Nf3 Nc6 3. Bb5 a6 4. Ba4 Nf6 5. O-O Be7 6. d3 b5 7. Bb3 O-O 8. a4 b4 9. Nbd2 d6 10. a5 h6 11. h3 Be6 12. Bxe6 fxe6 13. c3 Qe8 14. d4 exd4 15. cxd4 Qg6 16. Re1 Nh5 17.
Nf1 Rxf3 18. Qxf3 Nxd4 19. Qd1 e5 20. Be3 c5 21. Nd2 Rf8 22. Qg4 Qxg4 23. hxg4 Nf6 24. Bxd4 exd4 25. e5 Nxg4 26. exd6 Bxd6 27. Ne4 Be7 28.
Rac1 Rf5 29. b3 d3 30. Rcd1 Rd5 31. f3 Ne5 32. Re3 g5 33. g3 Bd8 34. f4 gxf4 35.
gxf4 Ng6 36. Rexd3 Rxd3 37. Rxd3 Bxa5 38. f5 Ne5 39.
Rd5 Nf3+ 40. Kf2 Nd4 41. Nxc5 Bb6 42. Nd7 Ba7 43. f6 Nxb3+ 44. Kg2 Nd4 45. Re5 Nc6 46. Re6 Nd4 47. Re7 Nf5 48. f7+ Kg7 49. f8=Q+ Kg6 50.
Qf6+ Kh5 51. Qxf5+ Kh4 52. Re4# 1-0

[Event "*** Titled Tuesday Blitz"]
[Site "Chess.com"]
[Date "2021.02.09"]
[Round "1"]
[White "bylavochka"]
[Black "WPWPWP-2015"]
[Result "0-1"]
[WhiteElo "2089"]
[BlackElo "2487"]
[TimeControl "180+1"]
[EndTime "10:07:46 PST"]
[Termination "WPWPWP-2015 won by resignation"]

1. e4 c5 2. Nf3 d6 3. d4 cxd4 4. Nxd4 Nf6 5. Nc3 a6 6. f3 e5 7. Nb3 Be7 8. Be3 O-O 9. Qd2 Be6 10. g4 b5 11. O-O-O b4 12. Nd5 Nxd5 13. exd5 Bd7 14. Qxb4 Qc7 15. Qb6 Qc8 16. Na5 f5 17. gxf5 Bxf5 18.
c3 Bd8 19. Qb4 Nd7 20. Nc6 Nc5 21. h4 a5 22. Qc4 Kh8 23. Bxc5 dxc5 24. Qxc5 Rf7 25.
Bd3 Bd7 26. Be4 Be7 27. Qe3 Bf8 28. Nxe5 Re7 29. Nxd7 Qxd7 30. d6 Re5 31. Qd4 Rae8 32. Rhg1 a4 33. c4 a3 34. b3 Rh5 35. Rg5 Rh6 36. Rdg1 Rxd6 37. Qc3 Rh6 38. c5 Qf7 39. c6 Qf4+ 40. Kb1 Qf7 41. c7 Rc8 42. Rf5 Qe7 43.
Re5 Qxc7 44. Qxc7 Rxc7 45. Re8 Rf6 46. Bd5 Re7 47. Be4 Rxe8 0-1

[Event "*** Titled Tuesday Blitz"]
[Site "Chess.com"]
[Date "2021.02.09"]
[Round "1"]
[White "Murad_Ibrahimli"]
[Black "ljuks68"]
[Result "1-0"]
[WhiteElo "2723"]
[BlackElo "2383"]
[TimeControl "180+1"]
[EndTime "10:07:47 PST"]
[Termination "Murad_Ibrahimli won by resignation"]

1. Nf3 d5 2. d4 Nf6 3. c4 c6 4.
Qc2 e6 5. g3 dxc4 6. Qxc4 b5 7.
Qc2 Bb7 8. e4 Nbd7 9. Bg2 c5 10.
d5 exd5 11. exd5 Bd6 12. O-O O-O 13. a4 b4 14. Rd1 Nb6 15. Bg5 h6 16. Bxf6 Qxf6 17. a5 Nd7 18. Nfd2 Be5 19. Ne4 Qg6 20. Nbd2 Rad8 21. Nf3 Rfe8 22. a6 Ba8 23. Nh4 Qh7 24. Nf3 Bxb2 25. Qxb2 Qxe4 26. Nh4 Qe5 27. Qc2 Rc8 28. Bh3 Red8 29. Re1 Qf6 30. Nf5 Kh8 31. Ne7 Rb8 32. Rad1 Nb6 33. Qxc5 b3 34. Nc6 Bxc6 35. dxc6 Rxd1 36. Rxd1 Qf3 37. Re1 Na4 38.
Qc4 b2 39. c7 b1=Q 40. Rxb1 Rxb1+ 41. Bf1 Nb6 42. c8=Q+ Nxc8 43. Qxc8+ Kh7 44. Qc2+ f5 45. Qxb1 Qe4 46. Qb7 Qd4 47. Qc8 Qb6 48. Qxf5+ 1-0

[Event "*** Titled Tuesday Blitz"]
[Site "Chess.com"]
[Date "2021.02.09"]
[Round "1"]
[White "chenxiaoyuer"]
[Black "SmirnovAlexandrA"]
[Result "0-1"]
[WhiteElo "2508"]
[BlackElo "2235"]
[TimeControl "180+1"]
[EndTime "10:07:47 PST"]
[Termination "SmirnovAlexandrA won by resignation"]

1. e4 c5 2. Nf3 d6 3. d4 cxd4 4.
Nxd4 Nf6 5. Nc3 a6 6. Be2 e6 7. O-O Be7 8. a4 Qc7 9. Be3 Nbd7 10. f4 b6 11. Bf3 Bb7 12. Qe2 O-O 13. Rae1 Rac8 14.
Bf2 Rfd8 15. e5 dxe5 16. fxe5 Bxf3 17. Nxf3 Ng4 18. Bd4 Bc5 19. Bxc5 Qxc5+ 20. Kh1 Qc4 21. h3 Qxe2 22. Rxe2 Nh6 23. g4 Nc5 24. Kg2 Kf8 25. Ng5 Kg8 26. Ref2 Rd7 27. Nce4 Nxe4 28. Nxe4 Rc4 29.
Nc3 Kf8 30. Kf3 Ng8 31. Ke3 Ke8 32. Rf4 Rc5 33. Re4 Ne7 34. Ke2 Nd5 35. Nxd5 Rdxd5 36. c3 Rxe5 37. Rxe5 Rxe5+ 38. Kd3 Ke7 39. Kd2 f5 40. gxf5 exf5 41. Rf4 Kf6 42. Rc4 Re6 43. Rc7 h5 44. Ra7 a5 45. Kd3 g5 46. Kc4 g4 47. hxg4 hxg4 48.
Kb5 g3 49. Ra8 Re7 50. Rg8 Rg7 51. Rxg7 Kxg7 52. Kxb6 g2 53. c4 g1=Q+ 54. c5 Kf7 55. Kb5 Ke7 56. c6 Kd6 0-1

[Event "*** Titled Tuesday Blitz"]
[Site "Chess.com"]
[Date "2021.02.09"]
[Round "1"]
[White "salomez"]
[Black "karinachess1"]
[Result "0-1"]
[WhiteElo "2189"]
[BlackElo "2516"]
[TimeControl "180+1"]
[EndTime "10:07:48 PST"]
[Termination "karinachess1 won on time"]

1. e4 c5 2. Nf3 a6 3. c3 d5 4. exd5 Qxd5 5. d4 Bg4 6. dxc5 Qxd1+ 7. Kxd1 e5 8. Be2 Nc6 9. Be3 O-O-O+ 10. Kc1 f6 11.
Nbd2 Nge7 12. Nc4 Nd5 13. Nb6+ Kb8 14. Nxd5 Rxd5 15. Rd1 Rxd1+ 16. Kxd1 Be7 17. Ke1 Be6 18. b4 g5 19. h3 h5 20. a4 Nd8 21. b5 a5 22. c4 g4 23. Ng1 f5 24. Bd2 Bxc5 25.
Bxa5 Nf7 26. Bc3 Rg8 27. hxg4 hxg4 28. a5 g3 29. Nh3 gxf2+ 30. Nxf2 Rxg2 31. Nd3 Bxc4 32. Nxc5 Rxe2+ 33. Kd1 f4 34. a6 bxa6 35. bxa6 Ka7 36.
Ra4 Bb5 37. Rb4 Nd6 38. Rxb5 Nxb5 39. Kxe2 Nxc3+ 40. Kd3 Nb5 41. Ke4 Nd4 42. Kxe5 f3 0-1

[Event "*** Titled Tuesday Blitz"]
[Site "Chess.com"]
[Date "2021.02.09"]
[Round "1"]
[White "Arseniy_Nesterov"]
[Black "volkanyirik"]
[Result "1-0"]
[WhiteElo "2821"]
[BlackElo "2415"]
[TimeControl "180+1"]
[EndTime "10:07:49 PST"]
[Termination "Arseniy_Nesterov won on time"]

1. d4 Nf6 2. c4 c5 3. d5 b5 4. Qc2 b4 5. e4 d6 6. Bd3 g6 7. a3 Bg7 8. axb4 cxb4 9. Nf3 O-O 10. O-O a5 11. c5 dxc5 12. Qxc5 Nbd7 13. Qc2 Ng4 14. Nbd2 Nge5 15. Nxe5 Nxe5 16. Be2 Ba6 17. Bxa6 Rxa6 18. Qa4 Qb6 19. Nb3 Nd3 20. Be3 Qb8 21. Nxa5 Nxb2 22. Qb3 Qb5 23. Nc6 Rxa1 24. Rxa1 Nc4 25.
Na7 Qb7 26. Rb1 Nxe3 27. Qxe3 e6 28. Nc6 exd5 29. exd5 Qd7 30. Rxb4 Bf6 31. Qf3 Kg7 32. g3 h5 33. h4 Qd6 34. Kg2 Ra8 35. Rb7 Ra2 36. Rb4 Rd2 37. Rb5 Qc7 38. Qe3 Rd1 39. Qe2 Ra1 40. Qd2 Qd6 41. Rb3 Ra6 42. Rd3 Rb6 43. Qe3 1-0

[Event "*** Titled Tuesday Blitz"]
[Site "Chess.com"]
[Date "2021.02.09"]
[Round "1"]
[White "Pogosian_Manvel"]
[Black "bangchess21"]
[Result "0-1"]
[WhiteElo "2380"]
[BlackElo "2719"]
[TimeControl "180+1"]
[EndTime "10:07:49 PST"]
[Termination "bangchess21 won on time"]

1. d4 Nc6 2. Nf3 Nf6 3. c4 e6 4. g3 Bb4+ 5. Bd2 Qe7 6. Bg2 Bxd2+ 7. Qxd2 Ne4 8. Qe3 Qb4+ 9. Nbd2 Nxd2 10. Qxd2 Qxc4 11.
O-O Qb4 12. Qg5 O-O 13. d5 exd5 14. b3 d4 15. Rfd1 Qe7 16. Qf4 d6 17. Rd2 Bd7 18. Rc1 d3 19. exd3 Rae8 20. d4 Qd8 21. h4 Ne7 22. Ng5 Ng6 23. Qf3 h6 24. Ne4 Bc6 25. d5 Bd7 26. Qc3 Bf5 27. Rd4 Re7 28. h5 Ne5 29. f4 Ng4 30. Bf3 Bxe4 31. Bxg4 Rfe8 32. Qa5 c5 33. Qxd8 Rxd8 34. Rd2 Bh7 35. Kf2 Rde8 36.
a3 Re3 37. b4 b6 38. bxc5 bxc5 39. a4 Ra3 40. Rc4 Bd3 41. Rc1 c4 42. Rb2 Rxa4 43.
Rb7 Ra2+ 44. Kg1 c3 45. Rc7 c2 46. Bd7 Rb8 47. Bg4 Rb1 0-1

[Event "*** Titled Tuesday Blitz"]
[Site "Chess.com"]
[Date "2021.02.09"]
[Round "1"]
[White "MergenKakabaev"]
[Black "superchess02"]
[Result "0-1"]
[WhiteElo "2405"]
[BlackElo "2790"]
[TimeControl "180+1"]
[EndTime "10:07:51 PST"]
[Termination "superchess02 won on time"]

1. e4 c5 2. Nf3 d6 3. d4 cxd4 4. Nxd4 Nf6 5. Nc3 a6 6. Bg5 e6 7. f4 Qc7 8. Qf3 b5 9. O-O-O Bb7 10. Bxf6 gxf6 11. f5 e5 12. Nb3 Nd7 13. Kb1 h5 14. h4 Rc8 15. Bd3 Nc5 16. Nxc5 dxc5 17. Nd5 Bxd5 18. exd5 c4 19. Be4 Bd6 20. g4 hxg4 21.
Qxg4 Ke7 22. Rdg1 c3 23. b3 Qc5 24. Qd1 Rh7 25. Rg3 a5 26. Rhh3 Qb4 27. Rg4 a4 28. Bf3 Qa5 29. b4 Bxb4 30. d6+ Bxd6 31. Qd5 Rc7 32.
Be2 Qb6 33. h5 b4 34. Rh1 Qe3 35. Qd3 Qd2 36. h6 Rxh6 37. Rxh6 Qxh6 38. Rg8 Qh1+ 39. Bd1 b3 40. axb3 axb3 41. Ra8 Qxa8 0-1

[Event "*** Titled Tuesday Blitz"]
[Site "Chess.com"]
[Date "2021.02.09"]
[Round "1"]
[White "Dii210"]
[Black "dukicz123"]
[Result "0-1"]
[WhiteElo "2247"]
[BlackElo "2560"]
[TimeControl "180+1"]
[EndTime "10:07:51 PST"]
[Termination "dukicz123 won by resignation"]

1. e4 e5 2. Nf3 Nc6 3. Bb5 a6 4. Ba4 Nf6 5. O-O Be7 6. Re1 b5 7. Bb3 O-O 8. c3 d5 9. exd5 Nxd5 10. Nxe5 Nxe5 11. Rxe5 c6 12. d4 Bd6 13. Re1 Qh4 14.
g3 Qh3 15. Qd3 Bf5 16. Qf1 Qh5 17. Be3 Rae8 18. Nd2 Qg6 19. a4 h5 20. Bxd5 cxd5 21. Nf3 Bd3 22. Qh3 Bf5 23. Qf1 Be4 24. Nh4 Qf6 25. f3 Bh7 26. axb5 axb5 27. Ra6 Re6 28. Bg5 Qxg5 29. Rxe6 Bxg3 30. Re2 Bxh4+ 31. Rg2 Qe3+ 32. Kh1 Re8 33. Ra1 Bd3 34. Qg1 Qxf3 35. h3 Be4 36. Kh2 Qxg2+ 37. Qxg2 Bxg2 38. Kxg2 Re2+ 39. Kf3 Rxb2 40. Ra8+ Kh7 41. Rd8 Rb3 42. Rxd5 Rxc3+ 43. Kf4 g5+ 44. Kf5 b4 45. Rd7 Kg7 46. Rb7 b3 47. d5 Bg3 48. Kxg5 Be5 49. Kf5 Bd6 50. Rb6 Bf8 51. Rb7 Rxh3 52. Kg5 Rd3 53. Rb5 Ba3 54. Kxh5 b2 55. d6 Rxd6 56. Kg4 Rd1 57. Kf3 b1=Q 58. Rxb1 Rxb1 0-1

[Event "*** Titled Tuesday Blitz"]
[Site "Chess.com"]
[Date "2021.02.09"]
[Round "1"]
[White "Fusikk"]
[Black "lucachess49"]
[Result "1-0"]
[WhiteElo "2635"]
[BlackElo "2328"]
[TimeControl "180+1"]
[EndTime "10:07:52 PST"]
[Termination "Fusikk won on time"]

1. d4 Nf6 2. c4 e6 3. Nf3 a6 4. Nc3 d5 5. cxd5 exd5 6. Bg5 Be6 7. Bxf6 Qxf6 8. Qb3 b5 9. a4 b4 10. Nxd5 Qd8 11.
e4 c6 12. Qe3 cxd5 13. exd5 Qxd5 14. Bd3 Qa5 15. Be4 b3+ 16. Kf1 Ra7 17. d5 Bc5 18.
Qxb3 O-O 19. dxe6 Kh8 20. Rd1 fxe6 21. g3 Raf7 22. Kg2 Nd7 23. Rhf1 Nf6 24. Ng5 Nxe4 25. Nxe4 Ba7 26. f3 Qe5 27. h4 h6 28. Rde1 Bb8 29.
Re2 Rd7 30. Qe3 Rd4 31. Qf2 Qd5 32. Rfe1 Rd8 33. Nc3 Qc4 34. Rxe6 Rd2 35. Re8+ Kh7 36. R8e2 R2d3 37. Re4 Qc7 38. R1e2 R3d5 39. f4 R8d6 40. Nxd5 Rxd5 41. Qf3 Rc5 42. Re7 Qc6 43. Qxc6 Rxc6 44. R7e6 Rc4 45. Rxa6 Rb4 46. a5 Rb3 47. Rb6 1-0

[Event "*** Titled Tuesday Blitz"]
[Site "Chess.com"]
[Date "2021.02.09"]
[Round "1"]
[White "canary2016"]
[Black "J36225"]
[Result "0-1"]
[WhiteElo "2000"]
[BlackElo "2477"]
[TimeControl "180+1"]
[EndTime "10:07:53 PST"]
[Termination "J36225 won by checkmate"]

1. d4 Nf6 2. c4 e6 3. g3 d5 4. Bg2 Be7 5. Nf3 dxc4 6. O-O a6 7. a4 Nc6 8. e3 O-O 9. Nbd2 Na5 10. Qc2 Bd7 11.
Nxc4 Nxc4 12. Qxc4 Bc6 13. Bd2 Bd5 14. Qc2 b5 15.
axb5 axb5 16. Rfc1 Rxa1 17. Rxa1 Qb8 18. Rc1 Rc8 19. Ba5 Qb7 20. Nh4 Bxg2 21. Nxg2 c5 22. dxc5 Rxc5 23. Qd2 Rxc1+ 24. Qxc1 h6 25. Qc7 Qxc7 26.
Bxc7 Nd5 27. Be5 f6 28. Bc3 e5 29. Kf1 Kf7 30. Ke2 Ke6 31. Kd3 Bc5 32. Ne1 f5 33. Nc2 e4+ 34. Ke2 Nxc3+ 35. bxc3 Kd5 36. Kd2 g5 37.
Ne1 Bb6 38. Ng2 Ba5 39. h4 Kc4 40. hxg5 hxg5 41. Kc2 Bxc3 42. Kc1 b4 43. Kc2 b3+ 44. Kc1 Kd3 45. f4 g4 46. Nh4 Kxe3 47. Nxf5+ Kf3 48. Kb1 e3 49. Nh4+ Kxg3 50. Nf5+ Kxf4 51. Nd6 e2 52.
Nf7 e1=Q# 0-1

[Event "*** Titled Tuesday Blitz"]
[Site "Chess.com"]
[Date "2021.02.09"]
[Round "1"]
[White "AlexOstrovskiy"]
[Black "korkmaz16"]
[Result "1/2-1/2"]
[WhiteElo "2763"]
[BlackElo "2411"]
[TimeControl "180+1"]
[EndTime "10:07:54 PST"]
[Termination "Game drawn by repetition"]

1. d4 d5 2. Bf4 Nf6 3. e3 c5 4. c3 Nc6 5. Nd2 Qb6 6. Qb3 c4 7.
Qc2 Bg4 8. Be2 Bxe2 9. Nxe2 e6 10. h3 Qd8 11. O-O Bd6 12. Bxd6 Qxd6 13. e4 Nxe4 14.
Nxe4 dxe4 15. Qxe4 O-O 16. Ng3 Qd5 17. Qg4 f5 18.
Qd1 e5 19. dxe5 Qxe5 20. Re1 Qc5 21. Qd7 Rf7 22. Qe6 g6 23. Rad1 Kg7 24. h4 Re7 25. Rd7 Re8 26. Red1 Rxd7 27. Rxd7+ Re7 28. Rxe7+ Qxe7 29.
Qxc4 Qe1+ 30. Qf1 Qd2 31. Qe2 Qc1+ 32. Kh2 Qf4 33. h5 Ne5 34. hxg6 hxg6 35. Kg1 Qc1+ 36.
Nf1 Kf6 37. a4 a6 38. a5 Qa1 39. f4 Ng4 40. Qd2 Qxa5 41. Qd6+ Kf7 42. b4 Qb5 43. Qc7+ Ke6 44. Qc8+ Kd5 45. Qg8+ Ke4 46. Qxg6 Kxf4 47. Qd6+ Kg5 48. Qd2+ f4 49. Qd7 Qb6+ 50. Kh1 Qh6+ 51.
Kg1 Qb6+ 52. Kh1 Nf2+ 53. Kh2 Ng4+ 54. Kh1 1/2-1/2

[Event "*** Titled Tuesday Blitz"]
[Site "Chess.com"]
[Date "2021.02.09"]
[Round "1"]
[White "Tactictic"]
[Black "Rish_97"]
[Result "1-0"]
[WhiteElo "2405"]
[BlackElo "2719"]
[TimeControl "180+1"]
[EndTime "10:07:55 PST"]
[Termination "Tactictic won by resignation"]

1. e4 c6 2. d4 d5 3. e5 Bf5 4. h4 h5 5. Bd3 Bxd3 6. Qxd3 Qa5+ 7. Nd2 Qa6 8. e6 Qxd3 9. exf7+ Kxf7 10. cxd3 Nd7 11.
Ndf3 Nh6 12. Nh3 Nf5 13. O-O g6 14. Nhg5+ Kg8 15. Re1 Bg7 16. Ne6 Bf6 17. Bg5 Kf7 18.
Re2 Nf8 19. Rae1 Nxe6 20. Rxe6 Rhe8 21. g3 a5 22. a4 Rad8 23. Kf1 Ng7 24. R6e3 Nf5 25.
Re6 Ra8 26. R1e2 Red8 27. Ke1 Rd6 28. Rxd6 exd6 29. Kd2 Rd8 30. Kc3 Rd7 31. Bxf6 Kxf6 32. Ng5 Re7 33. Rxe7 Kxe7 34. Nh3 Nh6 35. Nf4 Kf6 36.
f3 Nf5 37. Ne2 g5 38. b4 axb4+ 39. Kxb4 gxh4 40. gxh4 Nxh4 41. Ka5 Nxf3 42. Kb6 h4 43. Kxb7 h3 44. a5 Nxd4 45. Ng3 c5 46. a6 Nb5 47.
Kb6 c4 48. Kxb5 c3 49. a7 c2 50. a8=Q c1=Q 51. Qf8+ Ke5 52. Qf5+ 1-0